 Dungeon Crawl Stone Soup version 0.31-a0-833-gc15d34cb79 (webtiles) character file.

Game seed: 9370781869616395731

1234 Kurtz the Cleaver (level 8, -1/81 HPs)
             Began as an Octopode Fighter on Sept 25, 2023.
             Was a Follower of Kikubaaqudgha.
             Slain by Menkaure (10 damage)
             ... on level 5 of the Dungeon.
             The game lasted 00:05:17 (3898 turns).

Kurtz the Cleaver (Octopode Fighter)                Turns: 3898, Time: 00:05:18

Health: -1/81      AC: 24    Str: 18    XL:     8   Next: 48%
Magic:  8/8        EV:  2    Int: 10    God:    Kikubaaqudgha [*.....]
Gold:   185        SH:  9    Dex: 11    Spells: 6/7 levels left

rFire   . . .        q - +2 hand axe (vamp)
rCold   . . .        b - +0 buckler
rNeg    . . .        (helmet currently unavailable)
rPois   +            i - amulet of reflection
rElec   .            (no ring)
rCorr   .            (no ring)
SInv    .            (no ring)
Will    .....        (no ring)
Stlth   +            (no ring)
HPRegen 0.33/turn    (no ring)
MPRegen 0.11/turn    (no ring)
                     (no ring)

%: reflection
@: brilliant, tree-form
A: stationary, stasis, torment immunity, boosted hp, almost no armour,
(amphibious), 8 rings, (camouflage 1), (gelatinous body 1), (nimble swimmer 1),
(tentacles)
a: Renounce Religion, Unearth Wretches


You were on level 5 of the Dungeon.
You worshipped Kikubaaqudgha.
Kikubaaqudgha was aware of your devotion.
You were a tree.
You visited 1 branch of the dungeon, and saw 5 of its levels.
You also visited: Sewer.

You collected 185 gold pieces.

Inventory:

Hand Weapons
 a - a +0 war axe
 q - a +2 vampiric hand axe (weapon)
Missiles
 r - 14 poisoned darts (quivered)
 u - 5 curare-tipped darts
Armour
 b - a +0 buckler (worn)
Jewellery
 i - an amulet of reflection (around neck)
Scrolls
 e - a scroll of revelation {unknown}
 g - 2 scrolls of blinking {unknown}
 j - 2 scrolls of acquirement {unknown}
 k - 2 scrolls of immolation {unknown}
 l - a scroll of enchant weapon {unknown}
 m - a scroll of brand weapon {unknown}
 n - a scroll of torment {unknown}
 p - 6 scrolls of identify {unknown}
 s - a scroll of silence {unknown}
 v - a scroll of summoning {unknown}
 x - a scroll of amnesia {unknown}
 y - a scroll of fear {unknown}
Potions
 c - 2 potions of brilliance
 d - 5 potions of curing
 h - a potion of degeneration {unknown}
 o - a potion of invisibility {unknown}
 t - a potion of resistance {unknown}
 w - a potion of magic {unknown}


   Skills:
 + Level 4.0 Fighting
 * Level 9.1 Axes
 * Level 4.3 Dodging
 - Level 3.0 Shields
 * Level 0.4 Spellcasting
 * Level 0.5 Necromancy


You had 6 spell levels left.
You knew the following spells:

 Your Spells              Type           Power      Damage    Failure   Level
a - Necrotise             Necr           4%         1d4       36%         1

Your spell library contained the following spells:

 Spells                   Type           Power      Damage    Failure   Level
 Foxfire                  Conj/Fire      0%         2x1d4     43%         1
 Sublimation of Blood     Necr           1%         N/A       50%         2
 Cigotuvi's Dreadful Rot  Necr/Pois/Air  0%         N/A       54%         2
 Vampiric Draining        Necr           1%         2d6       75%         3
 Animate Dead             Necr           1%         N/A       98%         4
 Borgnjor's Vile Clutch   Necr/Erth      0%         N/A       100%        5
 Death Channel            Necr           0%         N/A       100%        6
 Plasma Beam              Fire/Air       0%         2x1d10    100%        6
 Starburst                Conj/Fire      0%         6d3       100%        6


Dungeon Overview and Level Annotations

Branches:
Dungeon (5/15)              Sewer (visited)
 Temple: D:4-7

Altars:
Dithmenos
Kikubaaqudgha

Annotations:
D:5 Menkaure


Innate Abilities, Weirdness & Mutations

You are a tree.
Your roots penetrate the ground, keeping you stationary.
You cannot be teleported.
You are immune to unholy pain and torment.
Your maximum health is greatly increased.
You cannot wear most types of armour.
((You are amphibious.))
You can wear up to eight rings at the same time.
((Your skin changes colour to match your surroundings (Stealth+).))
((Your rubbery body absorbs attacks. (AC +1, EV +1)))
((You are camouflaged when in or above water. (Stealth+)))
((You have tentacles for arms and can constrict up to eight enemies at once.))


Message History

The water moccasin is almost dead.
You constrict the water moccasin.
You kill the water moccasin!
Kikubaaqudgha accepts your kill. Menkaure hits you!
Your Fighting skill increases to level 4!
You hit Menkaure but do no damage. Your grab misses Menkaure.
Menkaure grins.
Menkaure hits you!!
* * * LOW HITPOINT WARNING * * *
It was a potion of lignification.
You turn into a tree.
Your roots penetrate the ground.
Menkaure shouts, "The sands of time shall wipe you from history!"
Menkaure hits you but does no damage.
Your magical contamination has completely faded away.
You hit Menkaure.
Menkaure is lightly damaged.
You block Menkaure's attack.
You hit Menkaure but do no damage.
Menkaure is lightly damaged.
Menkaure hits you.
* * * LOW HITPOINT WARNING * * *
You hit Menkaure.
Menkaure is moderately damaged.
You block Menkaure's attack.
You hit Menkaure.
Menkaure is heavily damaged.
Menkaure shouts, "The curse of the Pharaohs be upon you!"
You block Menkaure's attack.
You hit Menkaure.
Menkaure is severely damaged.
You block Menkaure's attack.
You hit Menkaure.
Menkaure is severely damaged.
Menkaure hits you but does no damage.
You hit Menkaure.
Menkaure is almost destroyed.
Menkaure hits you!
You die...
Kikubaaqudgha rasps: "You have failed me!
Welcome... death!"

...>..........# #.
###.#.#....#..# #.
##...##.##..# ##
##.# #.##..#####
#.#.##.##.......
####.# #.#.##.######
# #...## ##.....#
###..#.##.###.#.####
#......M♣..#.##.#
#.#.:#.##.#.###.#
... ... #.#.# #.# #
#.... ....# #.#
..(........# #.#
#.###........ ..# #
#####.####### #.# ..


You could see Menkaure (fast).

Vanquished Creatures
  Grinder (D:3)
  A water moccasin (D:5)
  Pargi (Sewer)
  A black bear (D:5)
  An ogre (D:4)
  3 gnoll boudas (D:4)
  2 hounds
  2 orc priests (D:4)
  A sleepcap (D:5)
  An iguana (D:5)
  4 orc wizards
  16 gnolls
  3 adders
  A river rat (D:5)
  2 worms
  5 dart slugs
  11 orcs
  14 ball pythons
  3 bats
  7 endoplasms
  4 hobgoblins
  2 jackals (D:2)
  7 kobolds
  4 quokkas
  5 frilled lizards
  6 goblins
  9 rats
117 creatures vanquished.

Notes
Turn   | Place    | Note
-------+----------+-------------------------------------------
     0 | D:1      | Kurtz the Octopode Fighter began the quest for the Orb.
     0 | D:1      | Reached XP level 1. HP: 16/16 MP: 1/1
    25 | D:1      | Found a faded altar of an unknown god.
   104 | D:1      | Reached XP level 2. HP: 21/21 MP: 2/2
   145 | D:1      | Reached skill level 3 in Axes
   378 | D:1      | Reached XP level 3. HP: 18/26 MP: 3/3
   940 | D:2      | Identified the +3 leather armour of Vengukh {rC+}
  1377 | D:3      | Found a shadowy altar of Dithmenos.
  1443 | D:3      | Reached skill level 4 in Axes
  1469 | D:3      | Noticed Grinder
  1471 | D:3      | Paralysed by Grinder for 3 turns
  1480 | D:3      | Killed Grinder
  1481 | D:3      | Reached skill level 6 in Axes
  1481 | D:3      | Reached XP level 4. HP: 21/31 MP: 4/4
  1481 | D:3      | Reached XP level 5. HP: 24/36 MP: 5/5
  1481 | D:3      | Reached XP level 6. HP: 29/42 MP: 6/6
  2509 | D:4      | Reached skill level 7 in Axes
  2522 | D:4      | Reached XP level 7. HP: 25/46 MP: 7/7
  3238 | D:4      | Reached skill level 8 in Axes
  3447 | D:5      | Entered Level 5 of the Dungeon
  3485 | D:5      | Found an ancient bone altar of Kikubaaqudgha.
  3505 | D:5      | Became a worshipper of Kikubaaqudgha
  3548 | D:5      | Found a glowing drain.
  3565 | D:5      | Reached XP level 8. HP: 21/54 MP: 8/8
  3603 | Sewer    | Entered a sewer
  3734 | Sewer    | Noticed Pargi
  3744 | Sewer    | Killed Pargi
  3744 | Sewer    | Reached * piety under Kikubaaqudgha
  3744 | Sewer    | Received a gift from Kikubaaqudgha
  3771 | Sewer    | Learned a level 1 spell: Necrotise
  3822 | D:5      | Reached skill level 9 in Axes
  3875 | D:5      | Noticed Menkaure
  3898 | D:5      | Slain by Menkaure

Illustrated notes

Levels and vault maps discovered:
D:1:      heliophobic_arrival_battle_scene, layout_rooms,
          ebering_ecumenical_altar_sacrificial, chequers_serial_rivers_micro_b,
          grunt_decor_mini_mirrors, serial_park_tiny_2, st_stairs_10
D:2:      layout_basic, hangedman_abyss_or_decor_lesser_grid
D:3:      layout_loops_corners, nicolae_dithmenos_shadow_blocks, uniq_grinder
D:4:      layout_loops_ring
D:5:      layout_loops_ring, nicolae_kikubaaqudgha_miasma_corner,
          portal_sewer_entry_a, uniq_menkaure

Skill      XL: |  1  2  3  4  5  6  7  8 |
---------------+-------------------------+-----
Axes           | 3 6 7 8 9 |  9.1
Dodging        | 4 |  4.3
Fighting       | 4 |  4.0
Shields        | |  3.0
Spellcasting   | |  0.4
Necromancy     | |  0.5

Action                     |  1- 3 |  4- 6 |  7- 9 || total
---------------------------+-------+-------+-------++-------
  Melee: War axe           |    52 |       |       ||    52
         Constrict         |    10 |    13 |    30 ||    53
         Tentacles         |     7 |    15 |    36 ||    58
         Hand axe          |     6 |    66 |   144 ||   216
  Throw: Throwing net      |       |       |     1 ||     1
    Use: Potion            |     1 |     1 |     4 ||     6
   Stab: Sleeping          |     5 |     2 |     4 ||    11
         Held in net/web   |       |       |     1 ||     1
 Armour: Skin              |    14 |    18 |    59 ||    91
  Dodge: Dodged            |    28 |    25 |    63 ||   116
  Block: Buckler           |     9 |    15 |    68 ||    92
         Reflection        |       |       |     2 ||     2

Table legend: (Time is in decaauts)
 A = Elapsed time spent in this place.
 B = Non-inter-level travel time spent in this place.
 C = Inter-level travel time spent in this place.
 D = Time resting spent in this place.
 E = Time spent auto-exploring this place.
 F = Levels seen in this place.
 G = Mean time per level.
                   A        B        C        D        E       F      G
               +--------+--------+--------+--------+--------+-----+--------+
         Total |   3906 |   3799 |    107 |    417 |   2657 |   6 |  651.0 |
       Dungeon |   3731 |   3624 |    107 |    417 |   2529 |   5 |  746.2 |
         Sewer |    174 |    174 |      0 |      0 |    128 |   1 |  174.0 |
               +--------+--------+--------+--------+--------+-----+--------+

Top non-repeatable levels by time:
     D:4: 1226 daAuts
     D:3: 981 daAuts
     D:2: 631 daAuts
     D:1: 625 daAuts
     D:5: 268 daAuts
   Sewer: 174 daAuts
